 Seeded DCSS version 0.30.1-11-g7821555f0a (webtiles) character file.

Game seed: 10787548041186868589 (custom seed)

59 tkbsonic5 the Shooter (level 3, -1/33 HPs)
             Began as a Minotaur Hunter on Nov 12, 2023.
             Slain by a gnoll
             ... wielding a +0 flail
              (8 damage)
             ... on level 2 of the Dungeon.
             The game lasted 00:03:47 (1198 turns).

tkbsonic5 the Shooter (Minotaur Hunter)             Turns: 1198, Time: 00:03:48

Health: -1/33      AC:  3    Str: 15    XL:     3   Next: 78%
Magic:  2/2        EV: 12    Int:  6    God:
Gold:   96         SH:  0    Dex: 15    Spells: 2/2 levels left

rFire   . . .        p - +0 short sword
rCold   . . .        (no shield)
rNeg    . . .        c - +0 leather armour
rPois   .            (helmet restricted)
rElec   .            (no cloak)
rCorr   .            (no gloves)
SInv    .            (no boots)
Will    .....        (no amulet)
Stlth   +            (no ring)
HPRegen 0.25/turn    (no ring)
MPRegen 0.08/turn

%: no passive effects
@: attractive
A: horns 2, retaliatory headbutt, no potion heal 1
a: no special abilities


You were on level 2 of the Dungeon.
You visited 1 branch of the dungeon, and saw 2 of its levels.

You collected 96 gold pieces.

Inventory:

Hand Weapons
 a - a +0 shortbow {iamahorribleperson (banzee)}
 j - a +0 spear
 p - a +0 short sword (weapon)
Missiles
 d - 9 poisoned darts
 l - 2 datura-tipped darts
Armour
 c - a +0 leather armour (worn)
 o - a +0 chain mail
Scrolls
 b - a scroll of immolation
 e - a scroll of enchant armour {unknown}
 h - a scroll of fog {unknown}
 i - a scroll of blinking {unknown}
 k - a scroll of fear {unknown}
 n - a scroll of vulnerability {unknown}
 q - a scroll of acquirement {unknown}
Potions
 f - 2 potions of attraction
 g - a potion of resistance {unknown}
 m - 3 potions of mutation


   Skills:
 * Level 4.0 Fighting
 * Level 5.2 Ranged Weapons
 - Level 2.1 Dodging
 - Level 0.7 Stealth


You had 2 spell levels left.
You didn't know any spells.
Your spell library contained the following spells:

 Spells                   Type           Power      Damage    Failure   Level
 Summon Small Mammal      Summ           0%         N/A       52%         1
 Cigotuvi's Dreadful Rot  Necr/Pois/Air  0%         N/A       67%         2
 Call Canine Familiar     Summ           0%         N/A       88%         3
 Summon Guardian Golem    Hex/Summ       0%         N/A       88%         3
 Dispel Undead            Necr           0%         3d6       99%         4
 Death Channel            Necr           0%         N/A       100%        6


Dungeon Overview and Level Annotations

Branches:
Dungeon (2/15)

Altars:


Innate Abilities, Weirdness & Mutations

You have a pair of horns on your head.
You reflexively headbutt those who attack you in melee.
Potions are less effective at restoring your health.


Message History

A gnoll comes into view. It is wielding a +0 flail.
A gnoll comes into view. It is wielding a +0 club.
The gnoll shouts!
There are monsters nearby!
You shoot an arrow. The arrow hits the gnoll.
The gnoll is lightly wounded.
You shoot an arrow. The arrow hits the gnoll.
The gnoll is heavily wounded.
The gnoll hits you from afar with a +0 spear.
You shoot an arrow. The arrow barely misses the gnoll.
The gnoll closely misses you.
You shoot an arrow. The arrow hits the gnoll.
The gnoll is severely wounded.
You shoot an arrow. The arrow closely misses the gnoll.
You shoot an arrow. The arrow hits the gnoll.
The gnoll is moderately wounded.
The gnoll closely misses you.
You shoot an arrow. The arrow barely misses the gnoll.
The gnoll hits you from afar with a +0 spear.
The gnoll barely misses you.
You shoot an arrow. The arrow hits the gnoll.
The gnoll is severely wounded.
The gnoll closely misses you. You furiously retaliate!
You headbutt the gnoll.
The gnoll hits you from afar with a +0 spear.
The gnoll barely misses you.
The gnoll hits you from afar with a +0 spear.
You shoot an arrow. The arrow closely misses the gnoll.
The gnoll hits you with a +0 flail! The gnoll barely misses you.
You are too injured to fight recklessly!
You are too injured to fight recklessly!
You are too injured to fight recklessly!
p - a +0 short sword (weapon)
It was a potion of attraction.
You feel attractive to monsters. The gnoll hits you with a +0 flail!
* * * LOW HITPOINT WARNING * * *
It was a potion of mutation.
You feel extremely strange.
Your system partially rejects the healing effects of potions.
The gnoll closely misses you. The gnoll hits you with a +0 flail!
You die...

... ... .. .. #g #.
#.###.#####
#....ggg@.#
#############.###.#
#...........#.###.#
........###.#.....#
........###.###.#.#
........+.†.....#.#
........#...........#
........#.#.......#.#
........#.#.......#.#


You could see 3 gnolls.

Vanquished Creatures
  An adder (D:2)
  A worm (D:2)
  5 bats (D:1)
  3 endoplasms
  A giant cockroach (D:1)
  4 goblins (D:1)
  2 hobgoblins (D:2)
  10 jackals (D:1)
  2 quokkas
  2 ball pythons (D:1)
  2 frilled lizards
  4 kobolds
  5 rats
42 creatures vanquished.

Notes
Turn   | Place    | Note
-------+----------+-------------------------------------------
     0 | D:1      | tkbsonic5 the Minotaur Hunter began the quest for the Orb.
     0 | D:1      | Reached XP level 1. HP: 18/18 MP: 0/0
     0 | D:1      | Noticed a draconian
     0 | D:1      | Noticed a tengu
     1 | D:1      | Noticed a formicid
     5 | D:1      | Noticed a human
     9 | D:1      | Noticed a formicid
    13 | D:1      | Noticed a human
    13 | D:1      | Noticed an elf
    15 | D:1      | Noticed a ghoul
    17 | D:1      | Noticed a spriggan
    19 | D:1      | Noticed a vampire
    19 | D:1      | Noticed a merfolk
   161 | D:1      | Reached XP level 2. HP: 25/25 MP: 1/1
   598 | D:1      | Reached XP level 3. HP: 31/31 MP: 2/2
   608 | D:1      | Reached skill level 5 in Ranged Weapons
  1198 | D:2      | Gained mutation: Potions are less effective at restoring
                  | your health. [potion of mutation]
  1198 | D:2      | Slain by a gnoll

Illustrated notes

Levels and vault maps discovered:
D:1:      shiori_arrival_whats_in_store_for_you, layout_basic
D:2:      layout_basic, kennysheep_generic_room_14

Skill      XL: |  1  2  3 |
---------------+----------+-----
Fighting       | 3 4 |  4.0
Ranged Weapons | 5 |  5.2
Dodging        | |  2.1
Stealth        | |  0.7

Action                     || total
---------------------------++-------
   Fire: Shortbow          ||   112
    Use: Potion            ||     2
 Armour: Leather armour    ||    14
  Dodge: Dodged            ||    42
